 Dungeon Crawl Stone Soup version 0.32-a0-18-g89e19f1974 (webtiles) character file.

Game seed: 14860755728442978514

65 zenocrate the Sneak (level 4, -4/21 HPs)
             Began as a Vine Stalker Enchanter on Jan 16, 2024.
             Slain by Duvessa
             ... wielding a +0 short sword
              (8 damage)
             ... on level 4 of the Dungeon.
             The game lasted 00:02:26 (2221 turns).

zenocrate the Sneak (Vine Stalker Enchanter)        Turns: 2221, Time: 00:02:27

Health: -4/21      AC:  4    Str: 10    XL:     4   Next: 13%
Magic:  0/8        EV: 12    Int: 15    God:
Gold:   272        SH:  0    Dex: 17    Spells: 2/7 levels left

rFire   . . .        b - +2 dagger (elec)
rCold   . . .        (no shield)
rNeg    . . .        g - +0 robe
rPois   .            f - +0 helmet
rElec   .            (no cloak)
rCorr   .            d - +0 pair of gloves
SInv    .            (no boots)
Will    .....        (no amulet)
Stlth   +++          (no ring)
HPRegen 1.03/turn    (no ring)
MPRegen 0.11/turn

%: guardian spirit
@: invisible
A: fangs 2, regeneration 1, magic shield, antimagic bite, no potion heal 2
a: no special abilities


You were on level 4 of the Dungeon.
You visited 1 branch of the dungeon, and saw 4 of its levels.

You collected 272 gold pieces.

Inventory:

Hand Weapons
 a - a +1 dagger
 b - a +2 dagger of electrocution (weapon)
Missiles
 i - 3 poisoned darts (quivered)
 p - 5 boomerangs
Armour
 d - a +0 pair of gloves (worn)
 f - a +0 helmet (worn)
 g - a +0 robe (worn)
Jewellery
 r - a ring of protection from cold
Scrolls
 e - 2 scrolls of identify {unknown}
 j - a scroll of amnesia {unknown}
 k - a scroll of enchant weapon {unknown}
 l - 2 scrolls of revelation
 m - a scroll of silence {unknown}
 o - 2 scrolls of teleportation {unknown}
 q - a scroll of fear {unknown}
Potions
 c - a potion of invisibility
 h - a potion of mutation {unknown}
 n - 2 potions of haste {unknown}


   Skills:
 + Level 0.1 Fighting
 + Level 1.5 Short Blades
 + Level 2.1 Dodging
 + Level 4.2 Stealth
 - Level 2.1 Spellcasting
 + Level 3.6 Hexes
 + Level 0.9 Ice Magic


You had 2 spell levels left.
You knew the following spells:

 Your Spells              Type           Power      Damage    Failure   Level
a - Ensorcelled Hibernat  Hex/Ice        16%        N/A       13%         2
b - Confusing Touch       Hex            12%        N/A       16%         3

Your spell library contained the following spells:

 Spells                   Type           Power      Damage    Failure   Level
 Call Imp                 Summ           2%         N/A       32%         2
 Sublimation of Blood     Necr           1%         N/A       32%         2
 Tukima's Dance           Hex            12%        N/A       16%         3
 Dazzling Flash           Conj/Hex       14%        N/A       30%         3
 Summon Hydra             Summ           0%         N/A       100%        7


Dungeon Overview and Level Annotations

Branches:
Dungeon (4/15)
 Temple: D:4-7

Altars:

Shops:
D:1 (   D:4 !

Annotations:
D:4 Dowan, Duvessa


Innate Abilities, Weirdness & Mutations

You have extremely sharp teeth.
Your natural rate of healing is unusually fast.
When hurt, damage is shared between your health and your magic reserves.
Your bite disrupts and absorbs the magic of your enemies.
Potions cannot restore your health.


Message History

Duvessa is lightly wounded.
Dowan casts a spell at Duvessa.
Duvessa seems to speed up.
Duvessa hits you with a +0 short sword!
Casting: Ensorcelled Hibernation (safe; 13% risk of failure)
Confirm with . or Enter, or press ? or * to list all spells.
You don't have enough magic to cast this spell.
You hit Duvessa but do no damage. Your bite misses Duvessa.
Duvessa is lightly wounded.
Duvessa hits you with a +0 short sword.
Duvessa says, "Where magic fails, the sword succeeds!"
Duvessa hits you but does no damage.
You hit Duvessa but do no damage. You bite Duvessa. You drain her power.
You feel invigorated.
Duvessa is lightly wounded.
Duvessa hits you with a +0 short sword!
* * * LOW HITPOINT WARNING * * *
Unknown command.
You fade into invisibility!
Duvessa hits you with a +0 short sword.
* * * LOW HITPOINT WARNING * * *
Duvessa misses you.
Unknown command.
Unknown command.
You barely miss Duvessa.
Duvessa is lightly wounded.
Dowan gestures at Duvessa while chanting.
The puff of frost hits Duvessa!
Duvessa hits you with a +0 short sword.
* * * LOW HITPOINT WARNING * * *
Unknown command.
Unknown command.
You barely miss Duvessa. Your bite misses Duvessa.
Duvessa is moderately wounded.
Duvessa hits you with a +0 short sword.
* * * LOW HITPOINT WARNING * * *
Unknown command.
Unknown command.
You barely miss Duvessa. You bite Duvessa, but do no damage.
Duvessa is moderately wounded.
Duvessa barely misses you. Duvessa hits you with a +0 short sword!
You die...

.........
#....... ..
#..e..e ..
..... #.# ...##
... #.# #.>..
#.# #.# #....
#.# #.# #.###
#.######
##.####.###
#e.e@..#
......#...
######.#####.#
#.#.##
#.....#.###...#
####.##.......#
#..........#.#
##########.#...
#.#### #.. #.##


You could see Duvessa (fast, unable to see you) and Dowan (unable to see you).

Vanquished Creatures
  3 adders
  2 ribbon worms (D:3)
  2 endoplasms
  3 goblins (D:3)
  A hobgoblin (D:1)
  5 kobolds
  5 quokkas
  6 ball pythons (D:1)
  4 bats
  2 frilled lizards
33 creatures vanquished.

Notes
Turn   | Place    | Note
-------+----------+-------------------------------------------
     0 | D:1      | zenocrate the Vine Stalker Enchanter began the quest for
                  | the Orb.
     0 | D:1      | Reached XP level 1. HP: 9/9 MP: 4/4
   122 | D:1      | Reached skill level 1 in Short Blades
   175 | D:1      | Found a transporter.
   176 | D:1      | Found Gail's Weapon Boutique.
   178 | D:1      | Found a transporter.
   329 | D:1      | Reached XP level 2. HP: 13/13 MP: 6/6
   347 | D:1      | Learned a level 2 spell: Ensorcelled Hibernation
  1146 | D:2      | Reached skill level 4 in Stealth
  1146 | D:2      | Reached XP level 3. HP: 16/16 MP: 4/7
  1768 | D:3      | Learned a level 3 spell: Confusing Touch
  1922 | D:3      | Reached XP level 4. HP: 18/21 MP: 3/8
  2198 | D:4      | Noticed Dowan
  2199 | D:4      | Found Soplufre's Distillery.
  2199 | D:4      | Noticed Duvessa
  2221 | D:4      | Slain by Duvessa

Illustrated notes

Levels and vault maps discovered:
D:1:      minmay_arrival_stone_box, layout_basic, serial_shops,
          nicolae_shop_drivethru, dreamdust_mushroom_princess, minmay_bisected
D:2:      layout_basic
D:3:      layout_rooms, minmay_misc_feat_roman, minmay_misc_feat_chi,
          kennysheep_generic_room_15
D:4:      layout_basic, amcnicky_altar_gilded,
          nicolae_dithmenos_through_a_glass_darkly, elyvilon_altar_5,
          gammafunk_ghost_smash, serial_shops, shop, uniq_duvessa, uniq_edmund

Skill      XL: |  1  2  3 |
---------------+----------+-----
Short Blades   | 1 |  1.5
Stealth        | 4 |  4.2
Dodging        | 2 |  2.1
Fighting       | |  0.1
Spellcasting   | |  2.1
Hexes          | |  3.6
Ice Magic      | |  0.9

Action                     |  1- 3 |  4- 6 || total
---------------------------+-------+-------++-------
  Melee: Dagger            |    63 |    24 ||    87
         Bite              |    12 |     7 ||    19
         Punch             |     1 |     1 ||     2
   Cast: Ensorcelled Hiber |     6 |     5 ||    11
    Use: Scroll            |       |     1 ||     1
         Potion            |       |     1 ||     1
   Stab: Sleeping          |     9 |       ||     9
 Armour: Robe              |    22 |    18 ||    40
  Dodge: Dodged            |    31 |    15 ||    46

Table legend: (Time is in decaauts)
 A = Elapsed time spent in this place.
 B = Non-inter-level travel time spent in this place.
 C = Inter-level travel time spent in this place.
 D = Time resting spent in this place.
 E = Time spent auto-exploring this place.
 F = Levels seen in this place.
 G = Mean time per level.
                   A        B        C        D        E       F      G
               +--------+--------+--------+--------+--------+-----+--------+
         Total |   2214 |   2099 |    115 |    109 |   1666 |   4 |  553.5 |
       Dungeon |   2214 |   2099 |    115 |    109 |   1666 |   4 |  553.5 |
               +--------+--------+--------+--------+--------+-----+--------+

Top non-repeatable levels by time:
     D:2: 881 daAuts
     D:1: 644 daAuts
     D:3: 623 daAuts
     D:4: 65 daAuts
